 Dungeon Crawl Stone Soup version 0.24-a0-269-g32ec7ca (webtiles) character file.

Game seed: 4257430088955161930

1104 Hylith the Fighter (level 8, -1/85 (88) HPs)
             Began as an Ogre Fighter on Apr 21, 2019.
             Was a Believer of Makhleb.
             Slain by an ogre
             ... wielding a +0 giant club
              (30 damage)
             ... on level 5 of the Dungeon.
             The game lasted 00:14:56 (5007 turns).

Hylith the Fighter (Ogre Fighter)                   Turns: 5007, Time: 00:14:57

HP:   -1/85 (88)    AC:  3    Str: 23    XL:     8   Next: 32%
MP:   8/8           EV:  9    Int:  9    God:    Makhleb [**....]
Gold: 182           SH: 10    Dex:  8    Spells: 7/7 levels left

rFire    + . .     SeeInvis +   y - +0 morningstar
rCold    + . .     Gourm    .   c - +1 shield
rNeg     . . .     Faith    .   b - +0 robe
rPois    .         Spirit   .   (helmet restricted)
rElec    .         Reflect  .   q - scarf {rC+ rF+}
rCorr    .         Harm     .   (gloves unavailable)
MR       .....                  (boots unavailable)
Stlth    +.........             (no amulet)
HPRegen  0.24/turn              h - ring of see invisible
MPRegen  0.11/turn              (no ring)

@: no status effects
A: large, unfitting armour, tough skin 1
a: Minor Destruction, Renounce Religion


You were on level 5 of the Dungeon.
You worshipped Makhleb.
Makhleb was pleased with you.
You were hungry.

You visited 1 branch of the dungeon, and saw 6 of its levels.

You collected 182 gold pieces.

Inventory:

Hand Weapons
 a - a +0 flail of crushing
 y - a +0 morningstar (weapon)
Missiles
 s - 4 tomahawks
 x - 15 stones (quivered)
Armour
 b - a +0 robe (worn)
 c - a +1 shield (worn)
 q - a scarf of resistance (worn)
Jewellery
 h - a ring of see invisible (left hand)
Scrolls
 e - a scroll of enchant armour
 g - a scroll of enchant weapon {unknown}
 k - a scroll of amnesia
 l - 3 scrolls of teleportation
 m - a scroll of blinking {unknown}
 n - 4 scrolls of fog
 o - 2 scrolls of identify {unknown}
 v - 3 scrolls of remove curse {unknown}
Potions
 d - a potion of lignification {unknown}
 i - a potion of agility {unknown}
 j - a potion of cancellation {unknown}
 p - a potion of resistance
 r - 2 potions of curing {unknown}
 t - 2 potions of degeneration {unknown}
 u - a potion of haste {unknown}
Comestibles
 f - 6 rations


   Skills:
 + Level 8.2 Fighting
 + Level 5.2 Maces & Flails
 - Level 3.0 Dodging
 + Level 5.6 Shields


You had 7 spell levels left.
You didn't know any spells.
Your spell library was empty.

Dungeon Overview and Level Annotations

Branches:
Dungeon (6/15)
 Temple: D:4-7

Altars:
Elyvilon
Makhleb
Nemelex Xobeh
Qazlal
Trog
Vehumet
Wu Jian

Annotations:
D:5 Edmund


Innate Abilities, Weirdness & Mutations

You are too large for most types of armour.
You have tough skin. (AC +1)


Message History

You thump the ogre!
The ogre is severely wounded.
The ogre hits you with a +0 giant club!!
Unknown command.
You barely miss the ogre.
The ogre is severely wounded.
The ogre hits you with a +0 giant club!
Unknown command.
You barely miss the ogre.
The ogre is severely wounded.
The ogre hits you with a +0 giant club!
Unknown command.
You hit the ogre but do no damage.
The ogre is severely wounded.
The ogre completely misses you.
Unknown command.
You barely miss the ogre.
The ogre is severely wounded.
The ogre hits you with a +0 giant club!!
You die...

#.##.[ ###..#.##.##.....# #.#
.#a #.......######## # ..# #.@
#..#.#### ## #..(...#### #. .#
#.........# ## # ..
#.........# # .. ##.
#....#.#..######## .#. #..##
#.(....#..#.....).
........#####@.........#.#####
.....#......O##.####..#.#
.#.....####(##.......##
.....#(####.##..(...##
#.....(c.(...#######
#..##.####.#.# .... ...# #.#.#
####.##.. ..#.# .. .## ####.#


You could see an ogre.

Vanquished Creatures
  A hungry ghost (D:5)
  A steam dragon (D:3)
  A necrophage (D:5)
  A sky beast (D:3)
  A phantom (D:4)
  A centaur (D:6)
  2 crimson imps
  A bullfrog zombie (D:5)
  A hound (D:2)
  2 bullfrog skeletons
  An orc priest (D:5)
  3 orc wizards
  A worker ant (D:5)
  4 gnolls (D:4)
  5 adders
  An adder skeleton (D:4)
  3 dart slugs
  2 leopard geckos (D:1)
  14 orcs
  3 bats
  3 giant cockroaches
  9 goblins
  9 hobgoblins
  3 jackals (D:2)
  6 kobolds
  3 quokkas
  A ball python (D:2)
  3 frilled lizards
  A leopard gecko skeleton (D:4)
  A leopard gecko zombie (D:5)
  2 rats
90 creatures vanquished.

Notes
Turn   | Place    | Note
-------+----------+-------------------------------------------
     0 | D:1      | Hylith the Ogre Fighter began the quest for the Orb.
     0 | D:1      | Reached XP level 1. HP: 24/24 MP: 1/1
   122 | D:1      | Reached XP level 2. HP: 28/32 MP: 2/2
   502 | D:1      | Reached XP level 3. HP: 40/40 MP: 3/3
   708 | D:2      | Found a sparkling altar of Nemelex Xobeh.
   979 | D:2      | Reached XP level 4. HP: 36/49 MP: 4/4
  1062 | D:2      | Found a burning altar of Makhleb.
  1067 | D:2      | Became a worshipper of Makhleb the Destroyer
  1485 | D:2      | Found a stormy altar of Qazlal.
  1485 | D:2      | Found a radiant altar of Vehumet.
  1486 | D:2      | Found a white marble altar of Elyvilon.
  1822 | D:2      | Reached skill level 5 in Fighting
  2029 | D:3      | Reached XP level 5. HP: 57/57 MP: 5/5
  2321 | D:3      | Reached * piety under Makhleb
  2342 | D:3      | Noticed a sky beast
  2363 | D:3      | Killed a sky beast
  2363 | D:3      | Reached XP level 6. HP: 47/67 MP: 6/6
  2479 | D:3      | Noticed a steam dragon
  2878 | D:3      | Killed a steam dragon
  2878 | D:3      | Reached skill level 6 in Fighting
  3103 | D:4      | Noticed a phantom
  3385 | D:4      | Reached XP level 7. HP: 76/76 MP: 7/7
  3571 | D:5      | Entered Level 5 of the Dungeon
  3707 | D:5      | Noticed Edmund
  4068 | D:4      | Reached skill level 7 in Fighting
  4162 | D:4      | Found an ornate altar of the Wu Jian Council.
  4227 | D:4      | Reached skill level 5 in Shields
  4388 | D:4      | Found a bloodstained altar of Trog.
  4564 | D:5      | Noticed a hungry ghost
  4567 | D:5      | Reached XP level 8. HP: 71/85 MP: 8/8
  4577 | D:5      | Reached skill level 5 in Maces & Flails
  4583 | D:5      | Reached skill level 8 in Fighting
  4705 | D:6      | Reached ** piety under Makhleb
  5007 | D:5      | Slain by an ogre

Levels and vault maps discovered:
D:1:      minmay_arrival_arboretum_large, layout_basic, due_unseen_surprise
D:2:      layout_loops_ring, lightli_temple_of_fire,
          chequers_temple_overflow_statue_of_worship,
          nemelex_xobeh_ov_fountains_minmay, first_ration
D:3:      layout_loops_cross
D:4:      layout_basic, kennysheep_little_box, kennysheep_mini
D:5:      layout_loops_cross, lemuel_zombie_altar_yredelemnul,
          uniq_blork_the_orc, uniq_edmund
D:6:      layout_loops_cross, nicolae_ru_awakened_eye, uniq_eustachio

Skill      XL: |  1  2  3  4  5  6  7  8 |
---------------+-------------------------+-----
Maces & Flails | 2 3 4 5 |  5.2
Dodging        | 3 |  3.0
Shields        | 3 4 5 |  5.6
Fighting       | 5 6 7 8 |  8.2

Action                   |  1- 3 |  4- 6 |  7- 9 || total
-------------------------+-------+-------+-------++-------
Melee: Flail             |    76 |   152 |    97 ||   325
       Morningstar       |       |       |    36 ||    36
Throw: Tomahawk          |       |       |     1 ||     1
  Use: Potion            |       |     2 |       ||     2
       Scroll            |       |     4 |       ||     4
  Eat: Chunk             |       |     7 |     8 ||    15
Armor: Robe              |    17 |    38 |    18 ||    73
Dodge: Dodged            |    24 |    46 |    41 ||   111
Block: Shield            |    40 |    69 |    51 ||   160

Table legend:
 A = Non-vault XP
 B = Vault XP
 C = Vault XP percentage of total XP
 D = Non-vault monster count
 E = Vault monster count
 F = Vault count percentage of total count
                 A         B        C        D         E       F
            +---------+---------+-------+---------+---------+-------
      Total |    1578 |       0 |   0.0 |      90 |       0 |   0.0
            +---------+---------+-------+---------+---------+-------
        D:1 |      34 |       0 |   0.0 |      15 |       0 |   0.0
        D:2 |     117 |       0 |   0.0 |      24 |       0 |   0.0
        D:3 |     392 |       0 |   0.0 |      17 |       0 |   0.0
        D:4 |     310 |       0 |   0.0 |      14 |       0 |   0.0
        D:5 |     615 |       0 |   0.0 |      19 |       0 |   0.0
        D:6 |     110 |       0 |   0.0 |       1 |       0 |   0.0
            +---------+---------+-------+---------+---------+-------
